 Dungeon Crawl Stone Soup version 0.29.1-2-gbd0b4ee654 (webtiles) character file.

Game seed: 6507676375271563492

4487 BlackCrag2 the Geomancer (level 10, -17/51 HPs)
             Began as a Deep Elf Earth Elementalist on Oct 30, 2022.
             Was a Follower of Vehumet.
             Killed from afar by a steam dragon (19 damage)
             ... with a ball of steam
             ... on level 8 of the Dungeon.
             The game lasted 00:44:08 (7589 turns).

BlackCrag2 the Geomancer (DEEE)                     Turns: 7589, Time: 00:44:10

Health: -17/51     AC:  2    Str:  5    XL:     10   Next: 16%
Magic:  12/26      EV: 13    Int: 25    God:    Vehumet [*.....]
Gold:   504        SH:  0    Dex: 15    Spells: 11/29 levels left

rFire   . . .      SeeInvis .   g - +3 short sword (venom)
rCold   . . .      Faith    .   (no shield)
rNeg    . . .      Spirit   .   a - +0 robe
rPois   +          Reflect  .   y - +0 hat
rElec   .          Harm     .   (no cloak)
rCorr   .          Rampage  .   (no gloves)
Will    +....                   (no boots)
Stlth   +++.......              (no amulet)
HPRegen 0.17/turn               h - ring of poison resistance
MPRegen 0.20/turn               (no ring)

@: studying Staves
A: no striking features
a: Renounce Religion


You were on level 8 of the Dungeon.
You worshipped Vehumet.
Vehumet was aware of your devotion.
You visited 2 branches of the dungeon, and saw 9 of its levels.

You collected 504 gold pieces.

Inventory:

Hand Weapons
 g - a +3 short sword of venom (weapon)
 r - the +7 flail "Ehuce" {holy, rC+++ Str-5 Dex-5 Stlth+}
   (You found it on level 4 of the Dungeon)

   It has been blessed by the Shining One to cause great damage to the undead
   and demons.
   Str:       It affects your strength (-5).
   Dex:       It affects your dexterity (-5).
   rC:        It renders you almost immune to cold.
   Stlth:     It makes you more stealthy.
Missiles
 b - 2 throwing nets
Armour
 a - a +0 robe (worn)
 y - a +0 hat (worn)
Magical Staves
 d - a staff of fire
 j - a staff of cold
Jewellery
 h - a ring of poison resistance (left hand)
 p - a ring of fire
Wands
 o - a wand of flame (17)
 q - a wand of polymorph (9)
 s - a wand of paralysis (18)
Scrolls
 c - 2 scrolls of identify
 f - a scroll of blinking
 i - 2 scrolls of poison {unknown}
 k - a scroll of amnesia
 m - a scroll of teleportation
 u - a scroll of magic mapping {unknown}
 v - 2 scrolls of immolation {unknown}
 x - 2 scrolls of silence {unknown}
 z - a scroll of fear {unknown}
Potions
 e - 3 potions of curing
 l - a potion of ambrosia
 n - a potion of haste
 t - a potion of invisibility


   Skills:
 + Level 0.6 Fighting
 + Level 4.0 Dodging
 + Level 4.6 Stealth
 + Level 10.3 Spellcasting
 + Level 2.9 Conjurations
 + Level 1.3 Transmutations
 * Level 5.5 Air Magic
 * Level 11.4 Earth Magic
 + Level 1.6 Evocations


You had 11 spell levels left.
You knew the following spells:

 Your Spells              Type           Power      Damage    Failure   Level
a - Sandblast             Erth           100%       2d20      1%          1
b - Passwall              Tmut/Erth      36%        N/A       1%          2
c - Static Discharge      Conj/Air       33%        3-8/arc   1%          2
d - Stone Arrow           Conj/Erth      96%        3d13      1%          3
e - Lightning Bolt        Conj/Air       16%        1d30      24%         5
f - Petrify               Tmut/Erth      44%        N/A       3%          4
g - Magic Dart            Conj           100%       1d8       1%          1

Your spell library contained the following spells:

 Spells                   Type           Power      Damage    Failure   Level
 Apportation              Tloc           24%        N/A       4%          1
 Summon Small Mammal      Summ           48%        N/A       4%          1
 Borgnjor's Vile Clutch   Necr/Erth      20%        N/A       13%         5
 Call Canine Familiar     Summ           12%        N/A       14%         3
 Gell's Gravitas          Tloc           12%        N/A       14%         3
 Inner Flame              Hex/Fire       12%        N/A       14%         3
 Summon Guardian Golem    Hex/Summ       12%        N/A       14%         3
 Teleport Other           Tloc           12%        N/A       14%         3
 Animate Dead             Necr           12%        N/A       43%         4
 Cause Fear               Hex            6%         N/A       43%         4
 Death Channel            Necr           6%         N/A       100%        6
 Dispersal                Tloc           6%         N/A       100%        6
 Summon Cactus Giant      Summ           6%         N/A       100%        6
 Discord                  Hex            6%         N/A       100%        8
 Maxwell's Capacitive Co  Air            20%        ∞         100%        8


Dungeon Overview and Level Annotations

Branches:
Dungeon (8/15)             Temple (1/1) D:6
   Lair: D:8-11

Altars:
Cheibriados
Fedhas
Gozag
Hepliaklqana
Nemelex Xobeh
Okawaru
Qazlal
Trog
Uskayaw
Vehumet
Wu Jian
Xom
Yredelemnul
The Shining One

Annotations:
D:6 1 transporter
D:8 3 runed translucent doors


Message History

Casting: Static Discharge (safe; 1% risk of failure)
Confirm with . or Enter, or press ? or * to list all spells.
Aiming: Stone Arrow (safe; 1% risk of failure)
Press: ? - help, Shift-Dir - straight line, f - steam dragon
Aim: a steam dragon (heavily wounded, 76% to hit)
The stone arrow misses the steam dragon.
The steam dragon breathes steam at you. The ball of steam hits you!!
* * * LOW HITPOINT WARNING * * *
You feel much better.
You are engulfed in a cloud of scalding steam.
Casting: Stone Arrow (safe; 1% risk of failure)
Confirm with . or Enter, or press ? or * to list all spells.
Aiming: Stone Arrow (safe; 1% risk of failure)
Press: ? - help, Shift-Dir - straight line, f/p - steam dragon
Aim: a steam dragon (steam, heavily wounded, catching its breath, 76% to hit)
The stone arrow misses the steam dragon.
The stone arrow hits the kobold!!
You kill the kobold!
Vehumet accepts your kill.
You are engulfed in a cloud of scalding steam.
* * * LOW HITPOINT WARNING * * *
The steam dragon bites you.
* * * LOW HITPOINT WARNING * * *
The steam dragon barely misses you. The steam dragon bites you!
* * * LOW HITPOINT WARNING * * *
The steam dragon closely misses you.
Okay, then.
Blink to where?
Press: ? - help, Dir - move target, p - steam dragon
As you read the scroll of blinking, it crumbles to dust.
Casting: Stone Arrow (safe; 1% risk of failure)
Confirm with . or Enter, or press ? or * to list all spells.
Aiming: Passwall (safe; 1% risk of failure)
Press: ? - help, Dir - move target A rock wall.
You feel yourself speed up. The steam dragon breathes steam at you.
The ball of steam hits you!!
You die...

############# #...........#
#.#########.# #.# #.# #.# #.#
#.###### #.########
#......####.#......############
######......#....§§'D§){.......
#......#.@§§..#######.....
########......###'#### ))..
......##..........# ...
......####.#..##### ..
......###..#..# .
......##......# ......##.#.#..#
......##.#.#..# ......##.#.#..#


There were no monsters in sight!

Vanquished Creatures
  A two-headed ogre (D:8)
  Sigmund (D:2)
  6 yaks (D:8)
  A steam dragon (D:8)
  The ghost of LyinL the Conjurer, an amateur DECj (D:4)
  A water moccasin (D:5)
  2 orc warriors
  4 black bears
  An ice beast (D:5)
  A hornet zombie (D:6)
  An ogre (D:7)
  2 phantoms
  A centaur (D:6)
  A kobold brigand (D:8)
  A bullfrog (D:6)
  2 scorpions (D:4)
  A necrophage (D:7)
  A water moccasin zombie (D:6)
  2 howler monkeys
  3 crimson imps (D:7)
  2 bullfrog zombies (D:6)
  5 jellies
  8 hounds
  A centaur zombie (D:6)
  2 orc priests
  6 orc wizards
  Jessica (D:3)
  Ijyb (D:3)
  Terence (D:3)
  2 iguanas
  A howler monkey zombie (D:6)
  8 gnolls (D:4)
  2 adders
  An ufetubus (D:5)
  A worm (D:3)
  A dart slug (D:2)
  12 orcs
  2 ball pythons
  6 endoplasms
  2 giant cockroaches
  4 goblins
  6 hobgoblins
  9 jackals
  4 quokkas
  4 bats
  3 frilled lizards
  5 kobolds
  4 rats
138 creatures vanquished.

Vanquished Creatures (others)
  5 plants (D:4)
5 creatures vanquished.

Grand Total: 143 creatures vanquished

Notes
Turn   | Place    | Note
-------+----------+-------------------------------------------
     0 | D:1      | BlackCrag2 the Deep Elf Earth Elementalist began the quest
                  | for the Orb.
     0 | D:1      | Reached XP level 1. HP: 10/10 MP: 6/6
   110 | D:1      | You fall into a shaft and drop 1 floor!
   152 | D:2      | Reached XP level 2. HP: 15/15 MP: 6/8
   155 | D:2      | Learned a level 2 spell: Passwall
   173 | D:2      | Noticed Sigmund
   186 | D:1      | Got Vewueh's Handbook of the Flock and Peregrination
   734 | D:1      | Learned a level 2 spell: Static Discharge
  1175 | D:2      | Found a faded altar of an unknown god.
  1188 | D:2      | Killed Sigmund
  1189 | D:2      | Reached skill level 1 in Air Magic
  1189 | D:2      | Reached skill level 5 in Earth Magic
  1189 | D:2      | Reached XP level 3. HP: 3/19 MP: 1/11
  1189 | D:2      | Reached XP level 4. HP: 4/24 MP: 1/12
  1189 | D:2      | Reached XP level 5. HP: 4/28 MP: 1/13
  1197 | D:2      | Learned a level 3 spell: Stone Arrow
  1203 | D:2      | Learned a level 5 spell: Lightning Bolt
  1784 | D:3      | Noticed Jessica
  1789 | D:3      | Killed Jessica
  2026 | D:3      | Noticed Terence
  2030 | D:3      | Killed Terence
  2431 | D:3      | Noticed Ijyb
  2433 | D:3      | Killed Ijyb
  2434 | D:3      | Reached XP level 6. HP: 32/32 MP: 8/15
  2694 | D:4      | Reached skill level 5 in Spellcasting
  2694 | D:4      | Reached skill level 6 in Earth Magic
  2982 | D:4      | Reached XP level 7. HP: 33/36 MP: 10/17
  3056 | D:4      | Found a transporter.
  3057 | D:4      | Identified the +4 halberd "Grim" {chaos, rPois rCorr MP+9
                  | Int-4}
  3059 | D:4      | Identified the +7 flail "Ehuce" {holy, rC+++ Str-5 Dex-5
                  | Stlth+}
  3208 | D:4      | Found a transporter.
  3257 | D:4      | Paralysed by a gnoll for 2 turns
  3263 | D:4      | Noticed LyinL's ghost (amateur DECj)
  3267 | D:4      | Reached skill level 1 in Conjurations
  3271 | D:4      | Killed LyinL's ghost
  3272 | D:4      | Reached skill level 7 in Earth Magic
  3552 | D:4      | Found a snail-covered altar of Cheibriados.
  3560 | D:4      | Found an opulent altar of Gozag.
  3563 | D:4      | Found a blossoming altar of Fedhas.
  3576 | D:4      | Found an iron altar of Okawaru.
  3578 | D:4      | Found a hazy altar of Hepliaklqana.
  3642 | D:4      | Learned a level 4 spell: Petrify
  3766 | D:5      | Entered Level 5 of the Dungeon
  3908 | D:5      | Reached XP level 8. HP: 39/42 MP: 14/20
  4034 | D:5      | Reached skill level 8 in Earth Magic
  5576 | D:6      | Found a staircase to the Ecumenical Temple.
  5585 | Temple   | Entered the Ecumenical Temple
  5605 | Temple   | Became a worshipper of Vehumet
  5684 | D:6      | Reached skill level 9 in Earth Magic
  5754 | D:6      | Reached XP level 9. HP: 31/46 MP: 18/23
  5792 | D:6      | Found a basalt altar of Yredelemnul.
  6030 | D:6      | Found a sparkling altar of Nemelex Xobeh.
  6030 | D:6      | Found a transporter.
  6030 | D:6      | Noticed a troll
  6207 | D:7      | Found a glowing golden altar of the Shining One.
  6772 | D:7      | Found a shimmering altar of Xom.
  6847 | D:8      | Found a runed translucent gate.
  6849 | D:8      | Noticed a two-headed ogre
  6850 | D:8      | Found a runed translucent gate.
  6850 | D:8      | Found a runed translucent gate.
  6850 | D:8      | Noticed a purple ugly thing
  6858 | D:8      | Killed a two-headed ogre
  6859 | D:8      | Reached skill level 10 in Earth Magic
  6962 | D:8      | Noticed a white ugly thing
  6962 | D:8      | Noticed a brown ugly thing
  6964 | D:8      | Noticed a purple ugly thing
  6964 | D:8      | Noticed a cyan ugly thing
  7053 | D:8      | Reached skill level 5 in Air Magic
  7076 | D:8      | Reached * piety under Vehumet
  7076 | D:8      | Offered knowledge of Magic Dart by Vehumet.
  7077 | D:8      | Reached skill level 10 in Spellcasting
  7182 | D:8      | Learned a level 1 spell: Magic Dart
  7214 | D:8      | Reached skill level 11 in Earth Magic
  7216 | D:8      | Reached skill level 1 in Evocations
  7216 | D:8      | Reached XP level 10. HP: 22/51 MP: 3/26
  7587 | D:8      | HP: 2/51 [steam dragon (9)]
  7589 | D:8      | Killed from afar by a steam dragon

Illustrated notes

Levels and vault maps discovered:
D:1:      onia_arrival_pyramid, layout_basic, hangedman_decor_growths
D:2:      layout_rooms, ebering_ecumenical_altar_petrified, uniq_sigmund
D:3:      layout_loops_cross, corexii_corridor_pit, uniq_ijyb, uniq_jessica,
          uniq_terence
D:4:      layout_rooms, minmay_overflow_temple_star_hex,
          gammafunk_ghost_gnarly_gnolls, cheibrodos_gnoll_hut
D:5:      layout_basic, minmay_fractal_squares_5
D:6:      hellmonk_crumbling_castle, layout_loops_ring,
          nicolae_yredelemnul_corpse_copse, grunt_nemelex_the_gamble
D:7:      layout_rooms, nicolae_tso_carved_into_rock, led_xom_imps
D:8:      layout_basic, mainiacjoe_overflow_six_doors_small,
          ploomutoo_gammafunk_ghost_potion_laboratory, minmay_misc_feat_rows
Temple:   nicolae_temple_bog_church

Skill      XL: |  1  2  3  4  5  6  7  8  9 |
---------------+----------------------------+-----
Stealth        | 3 4 |  4.6
Spellcasting   | 4 5 6 8 10 | 10.3
Air Magic      | 1 2 3 4 5 |  5.5
Earth Magic    | 5 6 7 9 11 | 11.4
Conjurations   | 1 2 |  2.9
Dodging        | 3 4 |  4.0
Evocations     | 1 |  1.6
Fighting       | |  0.6
Transmutations | |  1.3

Action                   |  1- 3 |  4- 6 |  7- 9 | 10-12 || total
-------------------------+-------+-------+-------+-------++-------
 Cast: Sandblast         |    37 |    22 |    84 |     7 ||   150
       Static Discharge  |     5 |     8 |    16 |     1 ||    30
       Stone Arrow       |       |    15 |    50 |     5 ||    70
       Passwall          |       |     2 |     4 |     1 ||     7
       Petrify           |       |       |     3 |       ||     3
       Magic Dart        |       |       |     1 |       ||     1
       Lightning Bolt    |       |       |     1 |       ||     1
Evoke: Wand              |       |       |     8 |       ||     8
  Use: Scroll            |     2 |     2 |    10 |     1 ||    15
       Potion            |     2 |       |     3 |     1 ||     6
Armor: Robe              |       |     1 |     7 |       ||     8
Dodge: Dodged            |     9 |     5 |    32 |     3 ||    49
